[Event "Early-Titled-Tuesday-Blitz-May-14-2024"]
[Site "Chess.com"]
[Date "2024.05.14"]
[Round "10"]
[White "Witik"]
[Black "Niilo1"]
[Result "1-0"]
[WhiteElo "2769"]
[BlackElo "2364"]
[TimeControl "180+1"]
[EndTime "9:56:30 PDT"]
[Termination "Witik won on time"]

1. d4 Nf6 2. Nf3 d5 3. Bf4 c5 4. e3 Nc6 5. Nbd2 e6 6. c3 Nh5 7.
Bg5 f6 8. Bh4 g6 9. g4 Ng7 10. Bd3 cxd4 11. cxd4 Be7 12. Rg1 Bd7 13. a3 g5 14. Bg3 Qb6 15. h4 O-O-O 16. hxg5 fxg5 17.
b4 h5 18. b5 h4 19. Bh2 Rdf8 20. bxc6 Bxc6 21. Ne5 Bd6 22. Rc1 Rf6 23. Qa4 Kc7 24.
Bb5 1-0

[Event "Early-Titled-Tuesday-Blitz-May-14-2024"]
[Site "Chess.com"]
[Date "2024.05.14"]
[Round "10"]
[White "NowInChess"]
[Black "falzehope0"]
[Result "0-1"]
[WhiteElo "2239"]
[BlackElo "2365"]
[TimeControl "180+1"]
[EndTime "9:56:32 PDT"]
[Termination "falzehope0 won on time"]

1. e4 d6 2. d3 Nf6 3. g3 Nbd7 4. Bg2 e5 5. f4 Be7 6. Nf3 O-O 7. O-O c6 8. h3 Re8 9. Be3 h6 10. Nbd2 Nh7 11.
fxe5 dxe5 12. Nc4 Qc7 13. a4 Bf6 14. Nh4 Ndf8 15. Qh5 Be6 16. Nf5 Bxf5 17. Qxf5 Ne6 18. h4 Kh8 19. g4 Bxh4 20. Nxe5 Bf6 21. Nc4 Nhg5 22. e5 Be7 23. Be4 b6 24. Rf2 g6 25.
Qxf7 Nxf7 26. Rxf7 Ng5 27. Bxg5 Bc5+ 28. Be3 Bxe3+ 29.
Nxe3 Qxf7 30. Rf1 Qg7 31. Bxc6 Qxe5 32. Nc4 Qc5+ 0-1

[Event "Early-Titled-Tuesday-Blitz-May-14-2024"]
[Site "Chess.com"]
[Date "2024.05.14"]
[Round "10"]
[White "DvaHrasta"]
[Black "Dewarfd"]
[Result "1-0"]
[WhiteElo "2510"]
[BlackElo "2095"]
[TimeControl "180+1"]
[EndTime "9:56:34 PDT"]
[Termination "DvaHrasta won on time"]

1. c4 g6 2. g3 c6 3. Bg2 d5 4.
cxd5 cxd5 5. Nf3 Bg7 6. d4 Nc6 7. O-O Nf6 8. Ne5 O-O 9. Nc3 e6 10. f4 Qb6 11. e3 Bd7 12. b3 a5 13. Na4 Qc7 14. Ba3 Nb4 15. Rc1 Qd8 16. Nc5 Bc6 17.
Qd2 Qb6 18. g4 Rfd8 19. f5 exf5 20. gxf5 Ne4 21. Bxe4 dxe4 22. fxg6 Bxe5 23. gxf7+ Kh8 24. f8=Q+ Rxf8 25. Rxf8+ Rxf8 26. dxe5 Rg8+ 27. Kh1 Nd3 28. e6 Qc7 29. Bb2+ Rg7 30. Rg1 1-0

[Event "Early-Titled-Tuesday-Blitz-May-14-2024"]
[Site "Chess.com"]
[Date "2024.05.14"]
[Round "10"]
[White "kuchma777"]
[Black "Arhan_Anand"]
[Result "0-1"]
[WhiteElo "2531"]
[BlackElo "2631"]
[TimeControl "180+1"]
[EndTime "9:56:43 PDT"]
[Termination "Arhan_Anand won by checkmate"]

1. e4 c5 2. Nf3 g6 3. c3 Nf6 4. e5 Nd5 5. d4 cxd4 6. cxd4 d6 7. Nc3 Nxc3 8. bxc3 dxe5 9. Nxe5 Bg7 10. Nf3 O-O 11.
Bd3 Nc6 12. O-O e5 13. Be4 exd4 14. Bxc6 bxc6 15. Nxd4 c5 16. Ne2 Qc7 17. Be3 Ba6 18. Re1 Rfd8 19. Qc1 Rd3 20. Bh6 Be5 21. Bf4 Re8 22. Bg3 Re6 23. Qa3 Bxg3 24. hxg3 Qe7 25. Qxa6 Rxa6 26. Nf4 Qd7 27. c4 Rd4 28. Rab1 Rb6 29.
Rbc1 Rxf4 30. gxf4 Qd4 31. Red1 Qxf4 32. Rc3 Rd6 33. Re1 Qd2 34. Rce3 Kg7 35. g3 Re6 36. Kg2 Rxe3 37. Rxe3 Qxa2 38. Rc3 a5 39. Rd3 Qxc4 40. Rd7 a4 41. Ra7 a3 42. Kf3 a2 43. g4 Qc3+ 44. Kf4 a1=Q 45. Kg5 Qf6# 0-1

[Event "Early-Titled-Tuesday-Blitz-May-14-2024"]
[Site "Chess.com"]
[Date "2024.05.14"]
[Round "10"]
[White "Sosat98"]
[Black "english_player_89"]
[Result "1-0"]
[WhiteElo "2761"]
[BlackElo "2617"]
[TimeControl "180+1"]
[EndTime "9:56:44 PDT"]
[Termination "Sosat98 won by resignation"]

1. d4 d5 2. c4 c6 3. Nc3 Nf6 4. cxd5 cxd5 5. Bg5 Nc6 6. e3 Bf5 7. Bxf6 gxf6 8. Qb3 e6 9. Qxb7 Rc8 10. Bb5 Qd7 11. Qa6 Bb4 12. Ne2 O-O 13. O-O Bd6 14. Rac1 Rc7 15.
Nxd5 exd5 16. Rxc6 Rxc6 17. Bxc6 Qe6 18. Nc3 Rc8 19. Nxd5 Kg7 20. Bb7 Rc2 21. g3 Rxb2 22. Bc8 Qxc8 23. Qxd6 Be6 24. Nf4 Bc4 25. Rc1 Qb7 26.
Nh5+ Kg6 27. Qxf6+ Kxh5 28. h3 Qf3 29. Qxf3+ Kg5 30.
Rxc4 Rxf2 31. Qxf2 1-0

[Event "Early-Titled-Tuesday-Blitz-May-14-2024"]
[Site "Chess.com"]
[Date "2024.05.14"]
[Round "10"]
[White "kyawmyataung2005"]
[Black "AccioChess"]
[Result "0-1"]
[WhiteElo "2270"]
[BlackElo "2440"]
[TimeControl "180+1"]
[EndTime "9:56:50 PDT"]
[Termination "AccioChess won by resignation"]

1. e4 c5 2. Nf3 g6 3. d4 cxd4 4. Nxd4 Bg7 5. c4 Nc6 6. Be3 Nf6 7. Nc3 O-O 8. Be2 d6 9. O-O Bd7 10. f3 Nxd4 11. Bxd4 Bc6 12. Rc1 a5 13. Qd2 Nd7 14.
Rfd1 Bxd4+ 15. Qxd4 Qb6 16. Qxb6 Nxb6 17. Nd5 Bxd5 18.
cxd5 Rfc8 19. Kf2 Kg7 20. b3 Kf6 21. Ke3 g5 22. Kd4 Nd7 23. Bb5 Ne5 24. Be2 h5 25. g3 Ng6 26. Bb5 h4 27. Bd7 Rxc1 28. Rxc1 Ne5 29. Bg4 hxg3 30. hxg3 Rh8 31. a4 Rh2 32.
Rc7 Rd2+ 33. Kc3 Rd3+ 34. Kc2 Re3 35. Rxb7 Nxg4 36. fxg4 Rxg3 37. Rb5 Rxg4 38. Rxa5 Rxe4 39. Rb5 g4 40. Rb8 Kg7 41. Kb2 g3 42. Rc8 Re2+ 43.
Ka3 f5 44. Rc3 f4 45. a5 Re1 46. Rc2 Ra1+ 47. Ra2 Rxa2+ 48. Kxa2 g2 49. a6 g1=Q 0-1

[Event "Early-Titled-Tuesday-Blitz-May-14-2024"]
[Site "Chess.com"]
[Date "2024.05.14"]
[Round "10"]
[White "edgarhay012"]
[Black "suyu28"]
[Result "1-0"]
[WhiteElo "2657"]
[BlackElo "2828"]
[TimeControl "180+1"]
[EndTime "9:56:51 PDT"]
[Termination "edgarhay012 won by resignation"]

1. e4 c6 2. Nc3 d5 3. d4 dxe4 4. Nxe4 Nf6 5. Nxf6+ exf6 6. c3 Bd6 7. Bd3 O-O 8. Ne2 Re8 9. Qc2 h5 10. O-O h4 11. h3 Nd7 12. Bd2 Nf8 13. Rae1 Be6 14. c4 Rc8 15. f4 Bb8 16. f5 Bd7 17. Bf4 Nh7 18. Bxb8 Rxb8 19. Nf4 Rxe1 20. Rxe1 Qc7 21.
Qf2 Qd6 22. c5 Qc7 23. Qxh4 Re8 24. Rxe8+ Bxe8 25. Qf2 Qa5 26. Qe3 Kf8 27. Bc4 Bd7 28. d5 Qb4 29. b3 b5 30. dxc6 Bxc6 31. Bxf7 Be4 32. Bd5 Bxf5 33. g4 g5 34. Ne6+ Bxe6 35. Bxe6 a5 36. Bf5 Kg8 37. Qe6+ Kh8 38. Qe8+ Kg7 39.
Qe7+ Kg8 40. Bxh7+ Kh8 41. Bf5 Qd4+ 42. Kg2 Qd2+ 43.
Kf3 Qd1+ 44. Kf2 Qd2+ 45. Qe2 Qd4+ 46. Kg2 Qxc5 47. Qe8+ Kg7 48. Qg6+ 1-0

[Event "Early-Titled-Tuesday-Blitz-May-14-2024"]
[Site "Chess.com"]
[Date "2024.05.14"]
[Round "10"]
[White "Moon_stone123"]
[Black "Saxar85"]
[Result "0-1"]
[WhiteElo "2619"]
[BlackElo "2789"]
[TimeControl "180+1"]
[EndTime "9:56:51 PDT"]
[Termination "Saxar85 won by checkmate"]

1. d4 Nf6 2. Nf3 d6 3. c4 g6 4.
Nc3 Bf5 5. Nh4 Bd7 6. e4 Bg7 7.
Nf3 O-O 8. Be2 e5 9. dxe5 dxe5 10. Nxe5 Nxe4 11. Nxe4 Bxe5 12. O-O Bc6 13. Ng3 Nd7 14.
Bh6 Re8 15. Bf3 Bxb2 16. Rb1 Bh8 17. Bxc6 bxc6 18. Qa4 Nb6 19. Qxc6 Qd6 20. Qxd6 cxd6 21. Rb4 Rac8 22. Be3 Rxc4 23. Rxc4 Nxc4 24. Bxa7 Ra8 25.
Rc1 d5 26. Bc5 Rxa2 27. Re1 Be5 28. Rd1 Ra5 29. Rxd5 Bd6 30. Rd4 Rxc5 31. Ne4 Rc6 32. Nxd6 Rxd6 33. Rxc4 Rd1# 0-1

[Event "Early-Titled-Tuesday-Blitz-May-14-2024"]
[Site "Chess.com"]
[Date "2024.05.14"]
[Round "10"]
[White "grozdanovic_a"]
[Black "PonyQueen07"]
[Result "1-0"]
[WhiteElo "2301"]
[BlackElo "2109"]
[TimeControl "180+1"]
[EndTime "9:56:51 PDT"]
[Termination "grozdanovic_a won on time"]

1. d4 Nf6 2. g3 e6 3. Bg2 d5 4. Nf3 b6 5. O-O Bd6 6. Nbd2 O-O 7. c4 Bb7 8. b3 dxc4 9. bxc4 Nbd7 10.
Bb2 Ne4 11. Nxe4 Bxe4 12. d5 exd5 13. cxd5 Bxf3 14. Bxf3 Ne5 15. Bg2 Rc8 16. Rc1 Qe7 17. e3 Ba3 18. Bxa3 Qxa3 19. Qb3 Qxb3 20. axb3 a5 21. Rc3 Nd7 22. Bh3 f5 23. e4 Nc5 24.
Bxf5 Rce8 25. f3 g6 26. Bh3 Ra8 27. Re1 a4 28. bxa4 Rxa4 29. e5 Rd4 30. e6 Re8 31. Re5 Rd1+ 32. Kg2 Rd2+ 33. Kf1 Rxh2 34. Bg2 Re7 35.
g4 Rh6 36. Ra3 Kg7 37. Ra8 Kf6 38. f4 Kg7 39. Rd8 Rh4 40. Bf3 Rh2 41. d6 cxd6 42.
Rxd6 Rh4 43. Rxb6 1-0

[Event "Early-Titled-Tuesday-Blitz-May-14-2024"]
[Site "Chess.com"]
[Date "2024.05.14"]
[Round "10"]
[White "Shuvalov"]
[Black "Orest_Vovk"]
[Result "0-1"]
[WhiteElo "2532"]
[BlackElo "2656"]
[TimeControl "180+1"]
[EndTime "9:56:52 PDT"]
[Termination "Orest_Vovk won by resignation"]

1. d4 h6 2. e4 g5 3. c4 Bg7 4. Nc3 c5 5. Nge2 cxd4 6. Nxd4 Nc6 7. Be3 d6 8. Be2 Qa5 9. Qd2 Nf6 10. f3 Nd7 11.
Rc1 Nde5 12. Nb3 Qb4 13. c5 Ng6 14. Nd5 Qxd2+ 15. Kxd2 O-O 16. cxd6 Bxb2 17. dxe7 Bxc1+ 18. Rxc1 Ngxe7 19. Bc5 Rd8 20. Ke1 Nxd5 21. exd5 Rxd5 22. Bc4 Re5+ 23. Kf2 Be6 24. Bd6 Bxc4 25. Rxc4 Re6 26. Bg3 Rae8 27. Kf1 Re2 28. a4 Rb2 29. Nc5 Ree2 30.
Nxb7 Rec2 31. Rxc2 Rxc2 32. Nd6 Ra2 33. Nf5 Kh7 34. Nd6 Kg6 35. Bf2 Rxa4 36. g4 Ra1+ 37.
Kg2 a5 38. Nc4 a4 39. Kg3 a3 40. Nxa3 Rxa3 41. h4 gxh4+ 42. Kg2 Ne5 43. Bxh4 Nxf3 0-1

[Event "Early-Titled-Tuesday-Blitz-May-14-2024"]
[Site "Chess.com"]
[Date "2024.05.14"]
[Round "10"]
[White "Let_it_be_1"]
[Black "ilqar_74"]
[Result "0-1"]
[WhiteElo "2634"]
[BlackElo "2825"]
[TimeControl "180+1"]
[EndTime "9:56:54 PDT"]
[Termination "ilqar_74 won by resignation"]

1. e4 c5 2. Nf3 d6 3. d4 cxd4 4. Nxd4 Nf6 5. Nc3 a6 6. Be2 e5 7. Nb3 Be7 8. O-O O-O 9. Kh1 Nbd7 10. a4 b6 11. Be3 Bb7 12. f3 Rc8 13. Qd2 Qc7 14.
Rfd1 Rfd8 15. Bg5 h6 16. Bh4 Nxe4 17. Nxe4 Bxh4 18. Qxd6 Qxc2 19. Qd3 Qxd3 20. Bxd3 Be7 21. Rac1 Nf8 22. Rxc8 Bxc8 23. Bc2 Rxd1+ 24. Bxd1 Ne6 25. Kg1 f5 26. Nc3 Bb7 27. Bc2 g6 28. Kf2 Kf7 29.
Bd3 Kf6 30. Bc4 Nc5 31. Nd5+ Bxd5 32. Bxd5 Nd3+ 33. Ke3 Nxb2 34. a5 bxa5 35. Nxa5 Na4 36. Kd3 Bd8 37. Nc6 Bc7 38. Kc4 Nb6+ 39. Kc5 Nxd5 40.
Kxd5 a5 41. Kc4 Ke6 42. Na7 Bd6 43. Kb5 Bb4 44. Nc6 Kd5 45. g4 e4 46. gxf5 gxf5 47. Ne7+ Bxe7 0-1

[Event "Early-Titled-Tuesday-Blitz-May-14-2024"]
[Site "Chess.com"]
[Date "2024.05.14"]
[Round "10"]
[White "Szachulec75"]
[Black "Raud100"]
[Result "0-1"]
[WhiteElo "2138"]
[BlackElo "2355"]
[TimeControl "180+1"]
[EndTime "9:56:54 PDT"]
[Termination "Raud100 won on time"]

1. Nf3 d5 2. g3 c6 3. Bg2 Nf6 4. d3 Bg4 5. O-O e6 6. Nbd2 Nbd7 7. h3 Bh5 8. e4 dxe4 9. dxe4 Bc5 10. c3 O-O 11.
Qc2 Qe7 12. g4 Bg6 13. Nh4 Bxe4 14. Nxe4 Nxe4 15. Qxe4 Qxh4 16. b4 Nf6 17. Qe5 Bb6 18. Bg5 Nxg4 19. hxg4 Qxg4 20. Be3 Rad8 21. Qe4 Qxe4 22.
Bxe4 f5 23. Bxb6 axb6 24. Bc2 Kf7 25. Rfe1 Kf6 26. Re2 e5 27. Rae1 Rfe8 28. Kg2 h5 29. f4 e4 30. Rh1 g6 31. Kg3 Rd6 32. Rd1 Red8 33. Rxd6+ Rxd6 34. Kf2 b5 35. Ke3 Rd8 36. Rg2 Ra8 37. Bb3 Rd8 38. Bc2 Rd7 39. Ke2 h4 40.
Ke3 h3 41. Rh2 Rh7 42. Kf2 Rh4 43. Kf1 Rxf4+ 44. Ke2 Rf3 45. Bd1 Rxc3 0-1

[Event "Early-Titled-Tuesday-Blitz-May-14-2024"]
[Site "Chess.com"]
[Date "2024.05.14"]
[Round "10"]
[White "kanzaww"]
[Black "MalyDominator"]
[Result "1-0"]
[WhiteElo "2517"]
[BlackElo "2633"]
[TimeControl "180+1"]
[EndTime "9:56:56 PDT"]
[Termination "kanzaww won by resignation"]

1. e4 c5 2. Nf3 d6 3. d4 cxd4 4. Nxd4 Nf6 5. Nc3 Nc6 6. Bb5 Bd7 7. Bg5 Qb6 8. Bxf6 gxf6 9. Nb3 a6 10. Bd3 e6 11. Qf3 Be7 12. O-O-O O-O-O 13. h4 h5 14. Qe2 Kb8 15. Kb1 Rdg8 16. g3 Ne5 17. Rhf1 Bc6 18. f4 Nxd3 19. Rxd3 Rg4 20. Nd4 Rhg8 21.
Nxc6+ Qxc6 22. Rff3 Qc5 23. a3 f5 24. exf5 Qxf5 25.
Qe3 Qa5 26. Ne2 d5 27. Nd4 Qc7 28. Rc3 Qd7 29. Qe5+ Bd6 30. Qxh5 f5 31. Rfe3 R4g6 32. Qe2 Re8 33. Nxf5 Bc5 34. Rxc5 1-0

[Event "Early-Titled-Tuesday-Blitz-May-14-2024"]
[Site "Chess.com"]
[Date "2024.05.14"]
[Round "10"]
[White "Resourchess"]
[Black "Journey_to_GrandMaster_YT"]
[Result "1-0"]
[WhiteElo "2416"]
[BlackElo "2535"]
[TimeControl "180+1"]
[EndTime "9:56:56 PDT"]
[Termination "Resourchess won by resignation"]

1. d4 d6 2. c4 Nf6 3. Nc3 e5 4. e3 Be7 5. Qc2 O-O 6. Bd3 c6 7. Nge2 Re8 8. O-O Bf8 9. Ng3 Nbd7 10. Bd2 a6 11. a4 a5 12. Rae1 Qc7 13. f4 exd4 14. exd4 Rxe1 15. Rxe1 Nb8 16. f5 Na6 17. Qd1 Qb6 18. Be3 Qxb2 19. Nce4 Nxe4 20. Nxe4 d5 21. cxd5 cxd5 22. Ng5 f6 23. Qh5 fxg5 24. f6 h6 25. f7+ Kh8 26. Qg6 Bf5 27. Bxf5 1-0

[Event "Early-Titled-Tuesday-Blitz-May-14-2024"]
[Site "Chess.com"]
[Date "2024.05.14"]
[Round "10"]
[White "guillembaches"]
[Black "Tigranpatagonian"]
[Result "1-0"]
[WhiteElo "2549"]
[BlackElo "2375"]
[TimeControl "180+1"]
[EndTime "9:56:56 PDT"]
[Termination "guillembaches won on time"]

1. d4 Nf6 2. c4 g6 3. Nc3 c5 4. Nf3 Bg7 5. e4 O-O 6. Be2 d6 7. h3 Nc6 8. Be3 cxd4 9. Nxd4 Bd7 10. O-O Rc8 11. Qd2 a6 12. a4 Na5 13. Rfc1 e5 14.
Nf3 Nb3 15. Qc2 Nxa1 16. Rxa1 Be6 17. b3 Nd7 18. Rd1 Nc5 19. b4 Nd7 20. Rxd6 Bxc4 21. Qd2 Bxe2 22. Nxe2 Rc7 23. Bb6 Nxb6 24. Rxd8 Nc4 25.
Qd5 1-0

[Event "Early-Titled-Tuesday-Blitz-May-14-2024"]
[Site "Chess.com"]
[Date "2024.05.14"]
[Round "10"]
[White "aloe_normansen"]
[Black "MiguelBestard1981"]
[Result "1/2-1/2"]
[WhiteElo "2558"]
[BlackElo "2353"]
[TimeControl "180+1"]
[EndTime "9:56:57 PDT"]
[Termination "Game drawn - insufficient material"]

1. e4 e5 2. Nf3 Nf6 3. Nxe5 d6 4. Nf3 Nxe4 5. Nc3 Nf6 6. d4 Be7 7. Bd3 O-O 8. O-O Bg4 9. h3 Bh5 10. Bf4 Nbd7 11. Re1 Re8 12. Re3 Bg6 13. Bxg6 hxg6 14. Qd3 Nb6 15. d5 Bf8 16. Rxe8 Qxe8 17. Re1 Qd7 18. Bg5 Re8 19. Rxe8 Nxe8 20. b3 Qf5 21. Qxf5 gxf5 22. Nd4 g6 23. a4 a6 24. a5 Nd7 25.
Nce2 Bg7 26. Kf1 Bf6 27. Bxf6 Nexf6 28. c4 Ne4 29. f3 Nd2+ 30. Ke1 Nb1 31. Kd1 Na3 32. Kc1 b5 33. axb6 Nxb6 34. Kb2 Naxc4+ 35. bxc4 Nxc4+ 36. Kb3 Ne3 37. Nf4 g5 38. Nh5 f4 39.
Nf6+ Kg7 40. Ne8+ Kg6 41. Nxc7 Nxg2 42. Nxa6 Ne3 43. Nc7 f5 44. Ndb5 g4 45. hxg4 fxg4 46. fxg4 Kg5 47. Nxd6 Kxg4 48. Ne4 Nxd5 49. Nxd5 f3 50.
Kc4 f2 51. Ne3+ Kf3 52. Kd4 f1=Q 53. Nxf1 1/2-1/2

[Event "Early-Titled-Tuesday-Blitz-May-14-2024"]
[Site "Chess.com"]
[Date "2024.05.14"]
[Round "10"]
[White "baki83"]
[Black "maciek_92"]
[Result "1-0"]
[WhiteElo "2938"]
[BlackElo "2830"]
[TimeControl "180+1"]
[EndTime "9:57:01 PDT"]
[Termination "baki83 won by checkmate"]

1. e4 c5 2. Nf3 e6 3. c3 Nf6 4. e5 Nd5 5. a3 d6 6. d4 cxd4 7.
c4 Ne7 8. exd6 Qxd6 9. Nc3 Nbc6 10. Nb5 Qb8 11. Nfxd4 Nxd4 12. Qxd4 Nc6 13. Qf4 e5 14.
Qg3 Be6 15. Bd3 h5 16. h4 a6 17. Nc3 Nd4 18. O-O Qc7 19. Be3 Bd6 20. Ne4 Nf5 21. Nxd6+ Qxd6 22. Bxf5 Bxf5 23. Rad1 Qf6 24. Bc5 Rd8 25.
Rfe1 Rxd1 26. Rxd1 Rh6 27. Be3 Rg6 28. Bg5 Qb6 29.
Qxe5+ Be6 30. Qb8+ Bc8 31. Qxc8+ Qd8 32. Qxd8# 1-0

[Event "Early-Titled-Tuesday-Blitz-May-14-2024"]
[Site "Chess.com"]
[Date "2024.05.14"]
[Round "10"]
[White "margarita_2703"]
[Black "Sofia_Blokhin"]
[Result "1-0"]
[WhiteElo "2334"]
[BlackElo "2255"]
[TimeControl "180+1"]
[EndTime "9:57:03 PDT"]
[Termination "margarita_2703 won by checkmate"]

1. e4 c5 2. Nf3 e6 3. c3 Nf6 4. e5 Nd5 5. d4 cxd4 6. cxd4 d6 7. a3 Nc6 8. Bd3 Be7 9. O-O O-O 10. Qe2 b6 11. Qe4 g6 12. Bh6 Re8 13. Nbd2 Bb7 14.
Rfe1 Rc8 15. Rad1 Na5 16. Qg4 dxe5 17. dxe5 Nc6 18. h4 Kh8 19. h5 Rg8 20. hxg6 hxg6 21. Qh3 Re8 22. Ng5 Kg8 23. Bxg6 Nf4 24. Bxf7+ Kh8 25. Bg7+ Kxg7 26. Qh7+ Kf8 27. Qg8# 1-0

[Event "Early-Titled-Tuesday-Blitz-May-14-2024"]
[Site "Chess.com"]
[Date "2024.05.14"]
[Round "10"]
[White "viktorgen2021"]
[Black "js20000"]
[Result "1-0"]
[WhiteElo "2546"]
[BlackElo "2756"]
[TimeControl "180+1"]
[EndTime "9:57:06 PDT"]
[Termination "viktorgen2021 won by resignation"]

1. d4 g6 2. Nf3 Bg7 3. g3 d6 4. Bg2 a5 5. a4 Nf6 6. O-O c6 7. Nc3 Nd5 8. Bd2 O-O 9. e4 Nxc3 10. Bxc3 Bg4 11. Re1 Nd7 12. h3 Bxf3 13. Qxf3 e5 14. dxe5 Bxe5 15. Rad1 Qe7 16. Qe3 Nc5 17. b3 Rfd8 18. f4 Bxc3 19. Qxc3 h5 20. Kh2 h4 21.
g4 g5 22. e5 Ne6 23. f5 Nf4 24. exd6 Qf8 25. Qf6 Qg7 26. Qxg7+ Kxg7 27. c4 c5 28. Re7 Kf6 29. Rxb7 Rab8 30. Rxb8 Rxb8 31. d7 Ke7 32. Bc6 Rd8 33. Bb5 f6 34. Rd2 Rh8 35. Rd1 Rd8 36.
Re1+ Kd6 37. Re8 Kc7 38. Re7 Kd6 39. Rf7 Ke5 40. Re7+ Kd6 41. Re1 Kc7 42. Rd1 Rf8 43.
Rd2 Kd8 44. Rd6 Ke7 45. Ra6 Rb8 46. Ra7 Rb6 47. Ra8 Rd6 48. Re8+ Kf7 49. d8=Q 1-0

[Event "Early-Titled-Tuesday-Blitz-May-14-2024"]
[Site "Chess.com"]
[Date "2024.05.14"]
[Round "10"]
[White "Kunalm64"]
[Black "briesmas"]
[Result "1-0"]
[WhiteElo "2617"]
[BlackElo "2388"]
[TimeControl "180+1"]
[EndTime "9:57:07 PDT"]
[Termination "Kunalm64 won by resignation"]

1. d4 d5 2. c4 c6 3. Nf3 Nf6 4.
Nc3 e6 5. Bg5 Be7 6. e3 Nbd7 7.
Bd3 dxc4 8. Bxc4 b5 9. Bd3 Bb7 10. O-O a6 11. Rc1 O-O 12. e4 h6 13. Bh4 Re8 14.
e5 Nd5 15. Bxe7 Qxe7 16. Ne4 Nf8 17. Nc5 Red8 18. Qd2 Rab8 19. Bb1 Nb6 20. b3 Ba8 21. Qe3 a5 22. Nd2 Nbd7 23. Nde4 Nb6 24. Rfd1 Rd5 25.
Qg3 Rbd8 26. Nf6+ Kh8 27. Nxd5 Nxd5 28. Be4 b4 29. Bxd5 Rxd5 30. Ne4 Ng6 31. Rc5 Qd7 32. Rxd5 Qxd5 33. Nc5 Ne7 34. Qf3 Qxf3 35. gxf3 Nf5 36. Kf1 Kg8 37. Ke2 Kf8 38. Ne4 Ke7 39. Ng3 Nh4 40.
Rc1 c5 41. Rxc5 Nxf3 42. Ke3 Ng5 43. Rxa5 Bd5 44. h4 Nf3 45. Rxd5 exd5 46. Kxf3 f6 47. Nf5+ Kf7 48. e6+ Kxe6 49. Nxg7+ 1-0

[Event "Early-Titled-Tuesday-Blitz-May-14-2024"]
[Site "Chess.com"]
[Date "2024.05.14"]
[Round "10"]
[White "DenLaz"]
[Black "artin10862"]
[Result "1-0"]
[WhiteElo "3106"]
[BlackElo "2858"]
[TimeControl "180+1"]
[EndTime "9:57:08 PDT"]
[Termination "DenLaz won by resignation"]

1. d4 Nf6 2. c4 e6 3. Nf3 h6 4. g3 Bb4+ 5. Nbd2 d5 6. Bg2 O-O 7.
O-O b6 8. b3 Bb7 9. Bb2 Nbd7 10. Rc1 Be7 11. Ne5 Nxe5 12. dxe5 Ne4 13. Nxe4 dxe4 14.
Qc2 Qc8 15. Bxe4 Bxe4 16. Qxe4 c5 17. Rcd1 Qc7 18. Rd3 Rad8 19. Rfd1 g6 20. Kg2 Qc8 21. Bc1 Kg7 22. h4 h5 23. Bg5 Bxg5 24. hxg5 Rxd3 25. Qxd3 Re8 26. Qd7 Qxd7 27. Rxd7 Ra8 28. Kf3 Kg8 29.
Ke3 Kf8 30. Rb7 Ke8 31. f3 Kf8 32. Kd2 Ke8 33. Kc3 Kf8 34. b4 Ke8 35. bxc5 bxc5 36. Kc2 Kf8 37. Rc7 Ke8 38. Rxc5 Kd7 39. Ra5 Kc6 40. Ra6+ Kb7 41. Rd6 Kc7 42. Kc3 Rb8 43.
Ra6 Kb7 44. Ra3 Rd8 45. Kc2 Rd4 46.
Rc3 Kc6 47. e3 Rd7 48. Rd3 Rb7 49. Rd8 Kc5 50. Kc3 Kc6 51. Rd1 Kc5 52. a3 a5 53.
Rd8 Kc6 54. Rc8+ Kb6 55. a4 Rd7 56. c5+ Ka6 57. Rf8 Kb7 58. Kc4 Ka6 59. Ra8+ 1-0

[Event "Early-Titled-Tuesday-Blitz-May-14-2024"]
[Site "Chess.com"]
[Date "2024.05.14"]
[Round "10"]
[White "manitodeplomo"]
[Black "patzer-reloaded"]
[Result "1-0"]
[WhiteElo "2571"]
[BlackElo "2399"]
[TimeControl "180+1"]
[EndTime "9:57:08 PDT"]
[Termination "manitodeplomo won by resignation"]

1. d4 d6 2. Nf3 Nf6 3. c4 g6 4. Nc3 Bg7 5. e4 O-O 6. Be2 c5 7. O-O Bg4 8. Be3 Bxf3 9. Bxf3 cxd4 10. Bxd4 Nc6 11. Be3 Nd7 12. Rc1 Qa5 13. Qd2 Rac8 14. Be2 a6 15. Rfd1 Nc5 16. f3 Na4 17. Nxa4 Qxa4 18. b3 Qa5 19. Qxa5 Nxa5 20. c5 dxc5 21.
Rxc5 Nc6 22. Rd7 b5 23. a4 bxa4 24. Bxa6 Rcd8 25. Rxd8 Nxd8 26. bxa4 Ne6 27. Rc8 Rxc8 28. Bxc8 Bd4 29. Kf2 Kf8 30. Bxe6 1-0

[Event "Early-Titled-Tuesday-Blitz-May-14-2024"]
[Site "Chess.com"]
[Date "2024.05.14"]
[Round "10"]
[White "Louis-Paulsen-Fan"]
[Black "ural58"]
[Result "1/2-1/2"]
[WhiteElo "2333"]
[BlackElo "2455"]
[TimeControl "180+1"]
[EndTime "9:57:09 PDT"]
[Termination "Game drawn by repetition"]

1. d4 d5 2. Nf3 Nc6 3. c4 e5 4.
dxe5 d4 5. g3 Nge7 6. Bg2 Ng6 7.
O-O Ngxe5 8. Bf4 Nxc4 9. b3 Nb6 10. Nbd2 Bd6 11. Qc2 Bxf4 12. gxf4 Qf6 13. Qe4+ Qe6 14. Qd3 Qg6 15. e4 Bh3 16. Nh4 Qh6 17. Qxh3 Qxf4 18.
Nc4 Nxc4 19. bxc4 O-O 20. Nf5 g6 21. Qg3 Qd2 22. Rad1 Qxa2 23. Nxd4 Qxc4 24. Nxc6 Qxc6 25. Rc1 Qe6 26. Rxc7 b5 27. e5 Rae8 28. Rxa7 Qxe5 29. Qxe5 Rxe5 30. Rb7 Rc8 31. Rb1 Rcc5 32. h3 Rf5 33. Bf1 Rc2 34. R1xb5 Rcxf2 35. Rxf5 Rxf5 36. Rc7 Kg7 37.
Bc4 h5 38. Kg2 Rf4 39. Kg3 Rf6 40. h4 Rf5 41. Kg2 Rf6 42. Kg3 Rf5 43. Kg2 Rf6 44. Kg3 1/2-1/2

[Event "Early-Titled-Tuesday-Blitz-May-14-2024"]
[Site "Chess.com"]
[Date "2024.05.14"]
[Round "10"]
[White "Cheer_Down"]
[Black "Gumugama"]
[Result "0-1"]
[WhiteElo "2445"]
[BlackElo "2314"]
[TimeControl "180+1"]
[EndTime "9:57:10 PDT"]
[Termination "Gumugama won by resignation"]

1. e4 c5 2. Nf3 d6 3. d4 cxd4 4. Nxd4 Nf6 5. Nc3 a6 6. Rg1 e5 7. Nb3 h5 8. h3 h4 9. f4 Nc6 10. Qe2 g6 11. Be3 Be6 12. O-O-O Bxb3 13. axb3 Qa5 14.
Kb1 Rc8 15. Qf2 exf4 16. Qxf4 Be7 17. Bc4 Nb4 18. Qf2 Nxe4 19. Qxf7+ Kd8 20. Nxe4 Qa2+ 21. Kc1 Qa1+ 22. Kd2 Qxb2 23. Bb6+ Kd7 24. Ke1 Nxc2+ 25. Kf1 Rcf8 26. Rxd6+ Kc8 27. Be6+ Kb8 28. Bf2 Rxf7 29.
Bxf7 Bxd6 30. Nxd6 Rf8 31. Bc4 Ne3+ 0-1

[Event "Early-Titled-Tuesday-Blitz-May-14-2024"]
[Site "Chess.com"]
[Date "2024.05.14"]
[Round "10"]
[White "Aswathchess"]
[Black "1stSecond"]
[Result "1-0"]
[WhiteElo "2701"]
[BlackElo "2883"]
[TimeControl "180+1"]
[EndTime "9:57:12 PDT"]
[Termination "Aswathchess won by resignation"]

1. d4 Nf6 2. c4 c5 3. d5 b5 4.
cxb5 a6 5. e3 g6 6. Nc3 Bg7 7.
a4 O-O 8. e4 d6 9. Nf3 e6 10.
Be2 exd5 11. exd5 axb5 12. Bxb5 Bf5 13. O-O Ne4 14. Nxe4 Bxe4 15. Re1 Bxf3 16. Qxf3 Na6 17. Qg3 Nb4 18. Bf4 Bxb2 19. Rab1 Be5 20. Bxe5 dxe5 21. Rxe5 Qf6 22. Rd1 Rfd8 23. h4 Rd6 24. h5 Kg7 25.
Qe3 gxh5 26. Rxh5 Kh8 27. Qxc5 Rg8 28. Qxb4 Qf3 29. Qd4+ f6 30. Rh2 Rg5 31. Re1 Rdxd5 32. Re8+ Rg8 33. Rxg8+ Kxg8 34. Bc4 1-0

[Event "Early-Titled-Tuesday-Blitz-May-14-2024"]
[Site "Chess.com"]
[Date "2024.05.14"]
[Round "10"]
[White "GMG"]
[Black "ContrVersia"]
[Result "1-0"]
[WhiteElo "2819"]
[BlackElo "2896"]
[TimeControl "180+1"]
[EndTime "9:57:13 PDT"]
[Termination "GMG won by resignation"]

1. Nf3 d5 2. g3 Nd7 3. d4 Nb6 4. a4 a5 5. Nc3 Nf6 6. Bg2 h6 7. Qd3 c6 8. O-O g6 9. e4 dxe4 10.
Nxe4 Nxe4 11. Qxe4 Bg7 12. Re1 Bf5 13. Qe2 Bg4 14. c3 e6 15. h3 Bxf3 16. Bxf3 O-O 17. Qc2 Nd5 18. Qb3 Qc7 19. h4 h5 20. Bg5 Rfe8 21.
Kg2 Ne7 22. Bf4 Qd7 23. Rad1 Nf5 24. Be4 Ra6 25. Be5 Bh6 26. Bxf5 exf5 27. c4 f4 28.
Bxf4 Rxe1 29. Rxe1 Bxf4 30. gxf4 Ra8 31. d5 Rd8 32.
Re5 Qg4+ 33. Qg3 Qd1 34. f5 Qc2 35. fxg6 fxg6 36. Re6 Rf8 37. Rxg6+ Kh7 38. Rg7+ Kh8 39. Rg5 Qe4+ 40. Kh2 Qe2 41. Qc3+ 1-0